 Dungeon Crawl Stone Soup version 0.23.2-40-g277498a001 (webtiles) character file.

Game seed: 683960763908526871

123 Delarado the Firebug (level 4, 0/24 HPs)
             Began as a Deep Elf Fire Elementalist on Sept 20, 2019.
             Succumbed to kobold's curare-tipped needle
             ... on level 3 of the Dungeon on Sept 21, 2019.
             The game lasted 00:06:39 (2456 turns).

Delarado the Firebug (Deep Elf Fire Elementalist)   Turns: 2456, Time: 00:06:39

Health: 0/24       AC:  2    Str:  5    XL:     4   Next: 79%
Magic:  5/10       EV: 13    Int: 21    God:
Gold:   132        SH:  0    Dex: 15    Spells: 1/9 levels left

rFire    . . .     SeeInvis .   g - +0 mace
rCold    . . .     Gourm    .   (no shield)
rNeg     . . .     Faith    .   a - +0 robe
rPois    .         Spirit   .   (no helmet)
rElec    .         Reflect  .   (no cloak)
rCorr    .         Harm     .   (no gloves)
MR       .....                  (no boots)
Stlth    +++.......             (no amulet)
HPRegen  0.08/turn              f - ring of stealth
MPRegen  0.12/turn              (no ring)

@: lethally poisoned (0 -> -8), very slightly contaminated, slowed, very slow
A: no striking features
a: no special abilities


You were on level 3 of the Dungeon.
You were not hungry.

You visited 1 branch of the dungeon, and saw 3 of its levels.

You collected 132 gold pieces.

Inventory:

Hand Weapons
 g - a +0 mace (weapon)
Missiles
 h - 28 stones (quivered)
Armour
 a - a +0 robe (worn)
Jewellery
 f - a ring of stealth (left hand)
Scrolls
 b - a scroll of teleportation
Potions
 e - 2 potions of might
 i - a potion of resistance
Comestibles
 c - 5 rations
 j - 2 chunks of flesh


   Skills:
 - Level 2.4 Dodging
 - Level 2.4 Stealth
 - Level 3.0 Spellcasting
 + Level 3.7 Conjurations
 + Level 4.9 Fire Magic


You had one spell level left.
You knew the following spells:

 Your Spells              Type           Power        Failure   Level  Hunger
a - Flame Tongue          Conj/Fire      ###..        2%          1    None
b - Conjure Flame         Conj/Fire      ###.....     7%          3    ###....
c - Sticky Flame          Conj/Fire      ###.....     22%         4    ####...

Your spell library contained the following spells:

 Spells                   Type           Power        Failure   Level  Hunger
 Throw Flame              Conj/Fire      ###...       3%          2    ##.....
 Inner Flame              Hex/Fire       ##......     14%         3    ###....
 Fireball                 Conj/Fire      ###.......   54%         5    ######.


Dungeon Overview and Level Annotations

Branches:
Dungeon (3/15)

Altars:
Dithmenos
Kikubaaqudgha


Message History

Okay, then.
* * * LOW HITPOINT WARNING * * *
You feel sick.
You see here a curare-tipped needle.
* * * LOW HITPOINT WARNING * * *
You feel sick.
* * * LOW HITPOINT WARNING * * *
You feel sick.
Okay, then.
As you read the scroll labeled FORHYN OJOAQE, it crumbles to dust.
You feel blessed for a moment.
It was a scroll of remove curse.
* * * LOW HITPOINT WARNING * * *
You feel sick.
As you read the scroll labeled FIHIMYR BEGYFORR, it crumbles to dust.
The scroll dissolves into smoke.
It was a scroll of fog.
* * * LOW HITPOINT WARNING * * *
You feel sick.
Put on which piece of jewellery? (? for menu, Esc to quit)
f - a ring of stealth (left hand)
You die...

#.........##.#.##.##.#
#.........##...##.##.###
#
#..............##.##....
.##...........#..# #####
.'...........#..# .
##.........###..#
#..####(....§§§§.......
#.....)....§§§§§.###.##
#....(.(§@§..# #..
##...(...§§§#.# #..
...##...........#+# ##.
..........(........
.....##(............
_...# ##......[......
.... #.......###.### ...
........# .# ..
..#......#


There were no monsters in sight!

Vanquished Creatures
  A hound (D:3)
  Terence (D:2)
  An adder (D:2)
  2 worms (D:2)
  2 dart slugs
  5 giant cockroaches
  4 goblins
  7 hobgoblins
  2 jackals (D:2)
  4 kobolds
  8 bats
  5 frilled lizards
  7 rats
49 creatures vanquished.

Notes
Turn   | Place    | Note
-------+----------+-------------------------------------------
     0 | D:1      | Delarado the Deep Elf Fire Elementalist began the quest for
                  | the Orb.
     0 | D:1      | Reached XP level 1. HP: 10/10 MP: 6/6
   168 | D:1      | Reached XP level 2. HP: 12/15 MP: 2/8
   813 | D:1      | Reached skill level 4 in Fire Magic
  1160 | D:2      | Reached XP level 3. HP: 19/19 MP: 6/9
  1166 | D:2      | Learned a level 3 spell: Conjure Flame
  1410 | D:2      | Found an ancient bone altar of Kikubaaqudgha.
  1578 | D:2      | Noticed Terence
  1585 | D:2      | Killed Terence
  1585 | D:2      | Reached XP level 4. HP: 24/24 MP: 5/10
  2035 | D:2      | Learned a level 4 spell: Sticky Flame
  2431 | D:3      | Found a shadowy altar of Dithmenos.
  2455 | D:3      | HP: 1/24 [poisoned by kobold (curare-tipped needle)]
  2456 | D:3      | Succumbed to kobold's curare-tipped needle

Skill      XL: |  1  2  3 |
---------------+----------+-----
Conjurations   | 2 3 |  3.7
Fire Magic     | 4 |  4.9
Dodging        | |  2.4
Stealth        | |  2.4
Spellcasting   | |  3.0

Action                   |  1- 3 |  4- 6 || total
-------------------------+-------+-------++-------
Throw: Stone             |    42 |    14 ||    56
 Cast: Flame Tongue      |    63 |    33 ||    96
  Use: Scroll            |       |     5 ||     5
       Potion            |       |     1 ||     1
  Eat: Chunk             |     2 |     2 ||     4
Armor: Robe              |     1 |     3 ||     4
Dodge: Dodged            |     5 |    10 ||    15
